 Dungeon Crawl Stone Soup version 0.18-a0-1773-gec4f98e (webtiles) character file.

145 dobroeutro the Shield-Bearer (level 5, 0/33 HPs)
             Began as a Gargoyle Fighter on Apr 14, 2016.
             Slain by vev's ghost (4 damage)
             ... on level 4 of the Dungeon.
             The game lasted 00:04:36 (2622 turns).

dobroeutro the Shield-Bearer (Gargoyle Fighter)     Turns: 2622, Time: 00:04:37

Health: 0/33       AC: 14    Str: 20    XL:     5   Next: 27%
Magic:  5/5        EV:  7    Int: 13    God:
Gold:   178        SH:  9    Dex:  9    Spells: 0 memorised, 4 levels left

rFire  . . .     SeeInvis .     a - +0 flail
rCold  . . .     Gourm    .     b - +0 scale mail
rNeg   + . .     Faith    .     c - +0 shield
rPois  ∞         Spirit   .     (no helmet)
rElec  +         Dismiss  .     n - +0 cloak
rCorr  .         Reflect  .     l - +0 pair of gloves
SustAt .         Harm     .     m - +0 pair of boots
MR     .....                    (no amulet)
Stlth  ..........               k - ring of flight
                                e - +4 ring of intelligence

@: not resistant to hostile enchantments, extremely unstealthy
A: negative energy resistance 1, electricity resistance, unbreathing,
petrification resistance, rot immunity, AC +4
a: Evoke Flight


You were on level 4 of the Dungeon.
You were very hungry.

You visited 1 branch of the dungeon, and saw 4 of its levels.

You collected 178 gold pieces.

Inventory:

Hand Weapons
 a - a +0 flail (weapon)
Missiles
 i - 6 poisoned javelins (quivered)
Armour
 b - a +0 scale mail (worn)
 c - a +0 shield (worn)
 l - a +0 pair of gloves (worn)
 m - a +0 pair of boots (worn)
 n - a +0 cloak (worn)
Jewellery
 e - a +4 ring of intelligence (left hand)
 k - a ring of flight (right hand)
Scrolls
 h - 3 scrolls of identify
 o - a scroll of remove curse
 q - a scroll of fear
Potions
 d - 2 potions of might
 j - a potion of heal wounds
 t - a potion of haste {unknown}
 u - 2 potions of agility {unknown}
 w - a potion of invisibility {unknown}
Comestibles
 f - 2 bread rations
 g - 2 fruits
 p - a slice of pizza
 x - a meat ration


   Skills:
 + Level 4.1 Fighting
 + Level 3.0 Maces & Flails
 + Level 4.3 Armour
 + Level 4.4 Shields


You had 4 spell levels left.
You didn't know any spells.

Dungeon Overview and Level Annotations

Branches:
Dungeon (4/15)
 Temple: D:4-7

Altars:
Ashenzari
The Shining One

Annotations:
D:4 vev's ghost, amateur SpAK


Innate Abilities, Weirdness & Mutations

You are resistant to torment.
Your stone body is resilient (AC +4).
You are immune to poison.
You resist negative energy.
You are resistant to electric shocks.
You can survive without breathing.
You are immune to petrification.
You are immune to rotting.


Message History

You are too injured to fight recklessly!
You are too injured to fight recklessly!
You are too injured to fight recklessly!
You are too injured to fight recklessly!
You are too injured to fight recklessly!
You are too injured to fight recklessly!
You are too injured to fight recklessly!
You are too injured to fight recklessly!
You are too injured to fight recklessly!
You are too injured to fight recklessly!
You are too injured to fight recklessly!
You block vev's ghost's attack. Vev's ghost hits you.
* * * LOW HITPOINT WARNING * * *
The giant cockroach bites you but does no damage.
The giant cockroach bites you but does no damage.
You are feeling very hungry.
The giant cockroach bites you but does no damage.
Vev's ghost hits you.
You die...

#.# #.####.# #. .#(....##.?
....##<#.. #.. ##......#
#...........## #
#...####....# .# #...
#....## #.#
#...####@....###..####
#.....Ws##.#.$.%.....
#..........#......... #
#....................
#.########.#######.########
#............W.....#
##########.######..## #.#
#...# #.# #.#...(...


You could see vev's ghost and a giant cockroach.

Vanquished Creatures
  A worker ant (D:3)
  3 gnolls
  3 adders
  An ooze (D:2)
  2 worms (D:3)
  3 orcs (D:3)
  9 bats
  A giant cockroach (D:1)
  7 hobgoblins
  6 kobolds
  2 quokkas
  A giant newt (D:1)
  8 goblins
  6 rats
53 creatures vanquished.

Notes
Turn   | Place    | Note
--------------------------------------------------------------
     0 | D:1      | dobroeutro the Gargoyle Fighter began the quest for the Orb.
     0 | D:1      | Reached XP level 1. HP: 14/14 MP: 1/1
   411 | D:1      | Reached XP level 2. HP: 18/19 MP: 2/2
   811 | D:2      | Reached XP level 3. HP: 24/24 MP: 3/3
  1307 | D:2      | Found a shattered altar of Ashenzari.
  1686 | D:3      | Reached XP level 4. HP: 8/29 MP: 4/4
  2232 | D:3      | Reached XP level 5. HP: 33/33 MP: 5/5
  2504 | D:3      | Found a glowing golden altar of the Shining One.
  2577 | D:4      | Noticed vev's ghost (amateur SpAK)
  2622 | D:4      | Slain by vev's ghost

Vault maps used:
D:1:      saegor_arrival_simple_d
D:2:      old_standard_altar
D:3:      tso_altar
D:4:      minmay_temple_entry_enclosed_plants,
          lightli_ossuary_entry_decrepit_ruins, grunt_ashenzari_visionary

Skill      XL: |  1  2  3  4  5 |
---------------+----------------+-----
Armour         | 4 |  4.3
Shields        | 4 |  4.4
Fighting       | 4 |  4.1
Maces & Flails | 3 |  3.0

Action                   |  1- 3 |  4- 6 || total
-------------------------+-------+-------++-------
Melee: Flail             |   128 |   136 ||   264
  Use: Scroll            |       |     5 ||     5
  Eat: Chunk             |     2 |     3 ||     5
Armor: Scale mail        |   104 |    99 ||   203
Dodge: Dodged            |    53 |    55 ||   108
Block: Shield            |    73 |    84 ||   157
